 Dungeon Crawl Stone Soup version 0.31.0-11-ge490571c62 (webtiles) character file.

Game seed: 16782192588375974984

1189 Sora the Cleaver (level 8, -5/69 HPs)
             Began as a Hill Orc Fighter on Feb 5, 2024.
             Was a Follower of Beogh.
             Killed by divine providence
             ... invoked by an orc priest
              (11 damage)
             ... on level 6 of the Dungeon.
             The game lasted 00:09:56 (4761 turns).

Sora the Cleaver (Hill Orc Fighter)                 Turns: 4761, Time: 00:09:56

Health: -5/69      AC: 16    Str: 21    XL:     8   Next: 43%
Magic:  8/8        EV:  6    Int:  8    God:    Beogh [*.....]
Gold:   199        SH:  5    Dex: 10    Spells: 7/7 levels left

rFire   . . .        a - +0 war axe
rCold   . . .        c - +0 buckler
rNeg    . . .        m - +0 plate armour
rPois   .            (no helmet)
rElec   .            (no cloak)
rCorr   .            (no gloves)
SInv    .            (no boots)
Will    .....        p - amulet of magic regeneration Stlth
                     k - +4 ring of protection
HPRegen 0.31/turn    (no ring)
MPRegen 0.51/turn

%: no passive effects
@: mighty
A: no striking features
a: Renounce Religion


You were on level 6 of the Dungeon.
You worshipped Beogh.
Beogh was aware of your devotion.
You visited 1 branch of the dungeon, and saw 6 of its levels.

You collected 199 gold pieces.

Inventory:

Hand Weapons
 a - a +0 war axe (weapon)
Armour
 c - a +0 buckler (worn)
 m - a +0 plate armour (worn)
Jewellery
 k - a +4 ring of protection (left hand)
 p - an amulet of magic regeneration (around neck)
Scrolls
 b - 2 scrolls of immolation
 e - a scroll of teleportation
 f - a scroll of revelation
 g - a scroll of summoning {unknown}
 h - 2 scrolls of fog
 o - a scroll of blinking
 q - a scroll of enchant armour {unknown}
 r - 2 scrolls of identify
 s - a scroll of amnesia {unknown}
 u - a scroll of poison {unknown}
Potions
 i - 2 potions of brilliance
 j - a potion of invisibility {unknown}
 l - a potion of resistance {unknown}
 n - a potion of berserk rage {unknown}
 t - a potion of mutation {unknown}


   Skills:
 + Level 5.4 Fighting
 + Level 9.4 Axes
 + Level 5.7 Armour
 + Level 0.7 Dodging
 + Level 5.5 Shields


You had 7 spell levels left.
You didn't know any spells.
Your spell library contained the following spells:

 Spells                   Type           Power      Damage    Failure   Level
 Sandblast                Erth           0%         2d4       100%        1
 Blink                    Tloc           0%         N/A       100%        2
 Lesser Beckoning         Tloc           0%         N/A       100%        2
 Momentum Strike          Conj/Tloc      0%         3d8       100%        2
 Static Discharge         Conj/Air       0%         3-3/arc   100%        2
 Ozocubu's Armour         Ice            0%         N/A       100%        3
 Passwall                 Erth           0%         N/A       100%        3
 Stone Arrow              Conj/Erth      0%         3d7       100%        3
 Airstrike                Air            0%         2d(0-16)  100%        4
 Brom's Barrelling Bould  Conj/Erth      0%         2d3       100%        4
 Summon Lightning Spire   Summ/Air       0%         N/A       100%        4
 Metabolic Englaciation   Hex/Ice        0%         N/A       100%        5
 Sculpt Simulacrum        Ice/Alch       0%         N/A       100%        6


Dungeon Overview and Level Annotations

Branches:
Dungeon (6/15)
 Temple: D:4-7

Altars:
Cheibriados
Dithmenos
Fedhas
Kikubaaqudgha
Makhleb
Nemelex Xobeh
Yredelemnul


Message History

You're too confused to move!
The orc wizard gestures at you while chanting.
The puff of flame hits you but does no damage.
You bump into the rock wall.
The orc wizard barely misses you.
You feel less confused.
The orc wizard attacks as it pursues you!
The orc wizard hits you but does no damage.
You hit the orc wizard.
The orc wizard is moderately wounded.
The orc wizard hits you but does no damage.
The orc priest calls down the wrath of Beogh upon you.
Beogh smites you!
* * * LOW HITPOINT WARNING * * *
You slice the orc wizard!!
You kill the orc wizard!
Beogh accepts your kill.
You slash the orc priest!
The orc priest is severely wounded.
The orc priest hits you but does no damage.
The orc priest begins to cast a cantrip, but forgets the words!
You closely miss the orc priest.
The orc priest is severely wounded.
The orc priest barely misses you.
You closely miss the orc priest.
The orc priest is severely wounded.
The orc priest hits you but does no damage.
You slash the orc priest!
You kill the orc priest!
Beogh accepts your kill.
Beogh appreciates your killing of a heretic priest.
The orc priest mumbles some strange prayers to Beogh against you.
Beogh smites you!
* * * LOW HITPOINT WARNING * * *
You slash the orc!
You kill the orc!
Beogh accepts your kill.
The orc priest mumbles some strange prayers to Beogh against you.
Beogh smites you!
You die...
Beogh appreciates the orc priest's killing of a heretic priest.

....# ....#
####+####....#
#.........$..#
#........#####
#(..o....#
####)#####
#####.#
#..@o.#
#.#########
#.# #....<#
#.###.#####
#.....#
#######


You could see an orc priest.

Vanquished Creatures
  2 water moccasins
  A black bear (D:4)
  The ghost of doomedcactus the Insei, an amateur DgSh (D:3)
  4 wights (D:5)
  2 bombardier beetles (D:4)
  A jelly (D:5)
  3 orc priests
  2 iguanas (D:5)
  5 orc wizards
  Robin (D:3)
  2 river rats (D:5)
  8 adders
  7 gnolls
  A dart slug (D:4)
  2 ribbon worms (D:2)
  12 orcs
  9 endoplasms
  2 giant cockroaches
  6 hobgoblins
  2 jackals (D:1)
  2 quokkas
  2 ball pythons
  2 bats
  4 frilled lizards
  A giant cockroach zombie (D:3)
  14 goblins
  4 kobolds
  A quokka zombie (D:3)
  7 rats
110 creatures vanquished.

Notes
Turn   | Place    | Note
-------+----------+-------------------------------------------
     0 | D:1      | Sora the Hill Orc Fighter began the quest for the Orb.
     0 | D:1      | Reached XP level 1. HP: 19/19 MP: 1/1
    64 | D:1      | Reached XP level 2. HP: 27/27 MP: 2/2
   254 | D:1      | Found a faded altar of an unknown god.
   573 | D:2      | Found a burning altar of Makhleb.
   712 | D:2      | Reached skill level 3 in Axes
   712 | D:2      | Reached XP level 3. HP: 32/33 MP: 3/3
  1517 | D:3      | Reached skill level 4 in Axes
  1517 | D:3      | Reached XP level 4. HP: 37/41 MP: 4/4
  1547 | D:3      | Found an ancient bone altar of Kikubaaqudgha.
  1569 | D:3      | Found a runed translucent gate.
  1569 | D:3      | Found a runed translucent gate.
  1569 | D:3      | Found a runed translucent gate.
  1569 | D:3      | Noticed doomedcactus's ghost (amateur DgSh)
  1571 | D:3      | Found a basalt altar of Yredelemnul.
  1592 | D:3      | Killed doomedcactus's ghost
  1593 | D:3      | Reached XP level 5. HP: 47/47 MP: 5/5
  1632 | D:3      | Reached skill level 5 in Axes
  1969 | D:3      | Reached XP level 6. HP: 50/53 MP: 6/6
  2034 | D:3      | Noticed Robin
  2051 | D:3      | Killed Robin
  2293 | D:4      | Found a snail-covered altar of Cheibriados.
  2332 | D:4      | Became a worshipper of Beogh the Brigand
  2341 | D:4      | Reached skill level 6 in Axes
  2414 | D:4      | Reached skill level 7 in Axes
  2494 | D:4      | Reached XP level 7. HP: 36/60 MP: 7/7
  3044 | D:4      | Found a sparkling altar of Nemelex Xobeh.
  3217 | D:4      | Found a shadowy altar of Dithmenos.
  3226 | D:4      | Reached * piety under Beogh
  3426 | D:5      | Entered Level 5 of the Dungeon
  3482 | D:5      | Reached skill level 5 in Fighting
  3482 | D:5      | Reached skill level 8 in Axes
  3800 | D:5      | Reached skill level 5 in Shields
  4047 | D:5      | Reached skill level 5 in Armour
  4047 | D:5      | Reached XP level 8. HP: 54/64 MP: 8/8
  4495 | D:5      | Found a blossoming altar of Fedhas.
  4731 | D:6      | Reached skill level 9 in Axes
  4761 | D:6      | Killed from afar by an orc priest

Illustrated notes

Levels and vault maps discovered:
D:1:      dpeg_arrival_water_temple_mockup, layout_rooms,
          shapermc_ecumenical_altar_totnotflames, minmay_pentomino_z4
D:2:      layout_basic, basic_altar
D:3:      layout_basic, nicolae_yredelemnul_ghost_church, lemuel_round_altar,
          uniq_robin
D:4:      layout_basic, nemelex_dance_club_becter, mainiacjoe_overflow_alcove_1,
          kennysheep_slug_shrine, dk_noncrumbling_4
D:5:      layout_loops_cross, nicolae_overflow_crystal_walls,
          lightli_sewer_entry_pipes
D:6:      layout_basic, lemuel_doored_altar, kennysheep_nondescript,
          dk_rats_in_the_wall

Skill      XL: |  1  2  3  4  5  6  7  8 |
---------------+-------------------------+-----
Fighting       | 4 5 |  5.4
Axes           | 3 4 5 7 8 9 |  9.4
Armour         | 4 5 |  5.7
Shields        | 4 5 |  5.5
Dodging        | |  0.7

Action                     |  1- 3 |  4- 6 |  7- 9 || total
---------------------------+-------+-------+-------++-------
  Melee: War axe           |    94 |   155 |   166 ||   415
 Invoke: Convert to Beogh  |       |     1 |       ||     1
    Use: Scroll            |     5 |     1 |       ||     6
         Potion            |       |       |     3 ||     3
 Armour: Scale mail        |    36 |       |       ||    36
         Plate armour      |    45 |   125 |   140 ||   310
  Dodge: Dodged            |    26 |    31 |    46 ||   103
  Block: Buckler           |    16 |    32 |    42 ||    90
